 Dungeon Crawl Stone Soup version 0.29-a0-823-gc37b1572da (webtiles) character file.

Game seed: 14933497270848412327

109 IdlyInterested the Cudgeller (level 4, -4/26 (35) HPs)
             Began as a Demonspawn Fighter on July 8, 2022.
             Slain by Sigmund
             ... wielding a +0 scythe
              (9 damage)
             ... on level 3 of the Dungeon.
             The game lasted 00:05:27 (2191 turns).

IdlyInterested the Cudgeller (Demonspawn Fighter)   Turns: 2191, Time: 00:05:27

HP:   -4/26 (35)    AC: 12    Str: 16    XL:     4   Next: 59%
MP:   4/4           EV:  7    Int: 11    God:
Gold: 60            SH:  5    Dex: 15    Spells: 3/3 levels left

rFire   . . .      SeeInvis .   a - +1 flail
rCold   . . .      Faith    .   c - +0 buckler
rNeg    . . .      Spirit   .   r - +0 chain mail
rPois   .          Reflect  .   n - +2 helmet
rElec   .          Harm     .   (no cloak)
rCorr   +          Rampage  .   (no gloves)
Will    .....                   (no boots)
Stlth   ..........              (no amulet)
HPRegen 0.08/turn               j - ring of resist corrosion
MPRegen 0.09/turn               (no ring)

@: mighty, very heavily drained
A: big brain 1
a: no special abilities


You were on level 3 of the Dungeon.
You visited 1 branch of the dungeon, and saw 3 of its levels.

You collected 60 gold pieces.

Inventory:

Hand Weapons
 a - a +1 flail (weapon)
Missiles
 g - 3 datura-tipped darts (quivered)
 t - 4 javelins
Armour
 b - a +0 scale mail
 c - a +0 buckler (worn)
 l - a +0 ring mail
 n - a +2 helmet (worn)
 r - a +0 chain mail (worn)
Magical Staves
 m - a staff of fire
Jewellery
 j - a ring of resist corrosion (left hand)
Wands
 p - a wand of roots (9)
 s - a wand of polymorph (4)
Scrolls
 e - a scroll of fog
 q - a scroll of enchant weapon
 u - a scroll of fear {unknown}
 v - a scroll of brand weapon {unknown}
Potions
 f - 2 potions of haste
 h - 2 potions of curing
 i - 3 potions of brilliance
 k - a potion of flight
 o - a potion of lignification {unknown}


   Skills:
 - Level 3.0 Fighting
 + Level 3.3 Maces & Flails
 - Level 3.0 Armour
 + Level 2.3 Dodging
 - Level 2.6 Shields


You had 3 spell levels left.
You didn't know any spells.
Your spell library contained the following spells:

 Spells                   Type           Power      Damage    Failure   Level
 Beastly Appendage        Tmut           0%         N/A       100%        1
 Foxfire                  Conj/Fire      0%         2x1d4     100%        1
 Sublimation of Blood     Necr           0%         N/A       100%        2
 Wereblood                Tmut           0%         N/A       100%        2
 Conjure Flame            Conj/Fire      0%         6-21      100%        3
 Inner Flame              Hex/Fire       0%         N/A       100%        3
 Spider Form              Tmut/Pois      0%         N/A       100%        3
 Stone Arrow              Conj/Erth      0%         3d7       100%        3
 Animate Armour           Summ/Erth      0%         N/A       100%        4
 Flame Wave               Conj/Fire      0%         2d4       100%        4
 Petrify                  Tmut/Erth      0%         N/A       100%        4
 Irradiate                Conj/Tmut      0%         3d13      100%        5
 Lehudib's Crystal Spear  Conj/Erth      0%         10d2      100%        8


Dungeon Overview and Level Annotations

Branches:
Dungeon (3/15)

Altars:
Hepliaklqana
Makhleb

Annotations:
D:3 Sigmund


Innate Abilities, Weirdness & Mutations

You have an unusually large brain. (Int +2)


Message History

The endoplasm freezes you.
You are frozen.
You hit the endoplasm.
You kill the endoplasm!
There is an open door here.
You now have 60 gold pieces (gained 9).
You open the door.
There is an open door here.
You open the door.
There is an open door here.
v - a scroll labelled DOESTR QAISIKH Sigmund the Dreaded comes into view.
He is wielding a +0 scythe.
Sigmund shouts!
Throw: 6 darts (datura)
Press: ? - help, Shift-Dir - straight line, f - Sigmund
Aim: Sigmund, wielding a +0 scythe and wearing a +0 robe (55% to hit, chance to frenzy on hit: 75%)
You throw a datura-tipped dart.
The datura-tipped dart barely misses Sigmund.
Throw: 5 darts (datura)
Press: ? - help, Shift-Dir - straight line, f/p - Sigmund
Aim: Sigmund, wielding a +0 scythe and wearing a +0 robe (55% to hit, chance to frenzy on hit: 75%)
You throw a datura-tipped dart.
The datura-tipped dart closely misses Sigmund.
Throw: 4 darts (datura)
Press: ? - help, Shift-Dir - straight line, f/p - Sigmund
Aim: Sigmund, wielding a +0 scythe and wearing a +0 robe (55% to hit, chance to frenzy on hit: 75%)
You throw a datura-tipped dart. The datura-tipped dart hits Sigmund.
Sigmund flies into a frenzy!
Sigmund hits you but does no damage. Sigmund hits you with a +0 scythe!
You closely miss Sigmund. Sigmund closely misses you.
Sigmund barely misses you.
You feel very mighty all of a sudden. Sigmund hits you but does no damage.
You barely miss Sigmund. Sigmund hits you with a +0 scythe!
* * * LOW HITPOINT WARNING * * *
You hit Sigmund.
Sigmund is moderately wounded.
Sigmund hits you with a +0 scythe!
You die...

#.......#
#.......#
+.......#
#.......#
#.###+###
###.###
#.....#
#...#.#
#...#@#
#...#@#
#...#.#
#...#.#
#####.#
#.# .(#
###


You could see the neutral Sigmund (fast, strong, insane).

Vanquished Creatures
  Jessica (D:3)
  Ijyb (D:3)
  2 adders (D:2)
  A dart slug (D:1)
  7 ball pythons
  4 endoplasms
  3 giant cockroaches
  4 goblins (D:1)
  A hobgoblin (D:1)
  3 jackals (D:2)
  A quokka (D:1)
  2 bats
  3 frilled lizards
  4 kobolds
  3 rats
40 creatures vanquished.

Notes
Turn   | Place    | Note
-------+----------+-------------------------------------------
     0 | D:1      | IdlyInterested the Demonspawn Fighter began the quest for
                  | the Orb.
     0 | D:1      | Reached XP level 1. HP: 18/18 MP: 1/1
   315 | D:1      | Gained mutation: You have an unusually large brain. (Int
                  | +2) [demonic ancestry]
   315 | D:1      | Reached XP level 2. HP: 24/24 MP: 2/2
   796 | D:1      | Reached skill level 1 in Dodging
  1090 | D:2      | Found a hazy altar of Hepliaklqana.
  1114 | D:2      | Found a faded altar of an unknown god.
  1130 | D:2      | Reached XP level 3. HP: 29/29 MP: 3/3
  1801 | D:3      | Found a burning altar of Makhleb.
  1808 | D:3      | Noticed Ijyb
  1821 | D:3      | Killed Ijyb
  1822 | D:3      | Reached XP level 4. HP: 30/35 MP: 4/4
  1909 | D:3      | Noticed Jessica
  1918 | D:3      | Killed Jessica
  2182 | D:3      | Noticed Sigmund
  2191 | D:3      | Slain by Sigmund

Illustrated notes

Levels and vault maps discovered:
D:1:      psy_arrival_dodecagon, layout_loops_ring, dk_noncrumbling_4
D:2:      layout_basic, chequers_ecumenical_altar_simple, basic_altar
D:3:      layout_basic, lemuel_round_altar,
          wander_ebering_terrifying_dragon_lair, uniq_ijyb, uniq_jessica,
          uniq_crazy_yiuf_cottage, uniq_sigmund, uniq_natasha

Skill      XL: |  1  2  3 |
---------------+----------+-----
Maces & Flails | 2 3 |  3.3
Armour         | 3 |  3.0
Dodging        | 1 2 |  2.3
Fighting       | |  3.0
Shields        | |  2.6

Action                   |  1- 3 |  4- 6 || total
-------------------------+-------+-------++-------
Melee: Flail             |   121 |    22 ||   143
Throw: Dart              |       |     4 ||     4
  Use: Scroll            |     7 |       ||     7
       Potion            |     3 |     1 ||     4
Armor: Scale mail        |    53 |       ||    53
       Chain mail        |       |     7 ||     7
       Skin              |       |     7 ||     7
Dodge: Dodged            |    46 |     4 ||    50
Block: Buckler           |    30 |     4 ||    34

Table legend: (Time is in decaauts)
 A = Elapsed time spent in this place.
 B = Non-inter-level travel time spent in this place.
 C = Inter-level travel time spent in this place.
 D = Time resting spent in this place.
 E = Time spent auto-exploring this place.
 F = Levels seen in this place.
 G = Mean time per level.
                   A        B        C        D        E       F      G
               +--------+--------+--------+--------+--------+-----+--------+
         Total |   2236 |   2141 |     95 |    224 |   1435 |   3 |  745.3 |
       Dungeon |   2236 |   2141 |     95 |    224 |   1435 |   3 |  745.3 |
               +--------+--------+--------+--------+--------+-----+--------+

Top non-repeatable levels by time:
     D:1: 1116 daAuts
     D:2: 709 daAuts
     D:3: 410 daAuts
